Map: Eternal Empire LE

Players

ViBE - Winner!

  • Race: Zerg Zerg
  • League: Diamond
  • Spawn Location: 7:00

Penguin

  • Race: Protoss Protoss
  • League: Platinum
  • Spawn Location: 1:00

VOD

Have the link to the VOD?

Description

Time

  • Played on: Dec. 14, 2019, 11:44 p.m.
  • Length: 13:26
Show
View Real Time Build Order
Export as new Build Order

ViBE Zerg - Winner!

Build Orders: Hatch First 

Get SALT Encoding   

  12  0:00  Drone  
  13  0:13  Overlord  
  13  0:17  Drone  
  14  0:31  Drone x2  
  16  0:49  Hatchery  
  15  0:52  Drone  
  16  0:57  Drone  
  16  1:00  Drone  
  18  1:15  Spawning Pool  
  17  1:20  Drone  
  17  1:22  Drone  
  19  1:31  Drone  
  20  1:40  Drone  
  20  1:41  Extractor  
  20  1:52  Drone  
  21  2:02  Overlord  
  21  2:04  Queen x2  
  21  2:06  Zergling x2  
  26  2:12  Zergling x2  
  27  2:17  Overlord  
  27  2:28  Drone x2  
  29  2:33  Drone  
  29  2:35  Drone  
  31  2:43  Queen  
  33  2:46  Drone x2  
  35  2:56  Drone x2  
  37  3:06  Hatchery  
  37  3:09  Drone x2  
  38  3:13  Lair  
  38  3:24  Overlord  
  38  3:30  Spore Crawler, Drone  
  38  3:33  Spore Crawler, Drone x4  
  42  3:41  Drone x2  
  42  3:43  Queen  
  45  3:53  Roach Warren  
  45  3:54  Drone  
  45  3:55  Drone  
  46  3:57  Extractor  
  46  4:00  Extractor  
  44  4:18  Hydralisk Den, Drone x9  
  52  4:32  Overlord  
  52  4:33  Overlord x3  
  52  4:45  Overlord x2  
  52  4:51  Roach  
  52  4:52  Roach x5  
  64  4:55  Roach  
  64  4:57  Roach  
  68  5:12  Drone x4  
  68  5:13  Drone x5  
  77  5:18  Spore Crawler  
  76  5:25  Drone x4  
  76  5:26  Drone  
  80  5:42  Overseer  
  80  5:43  Overlord  
  80  5:46  Drone x6  
  86  5:50  Hatchery  
  86  5:51  Grooved Spines  
  86  5:53  Drone x2  
  87  5:58  Extractor x2  
  87  6:02  Extractor, Evolution Chamber x2  
  87  6:03  Drone  
  87  6:04  Drone x4  
  86  6:06  Drone  
  86  6:07  Drone  
  86  6:09  Drone x2  
  86  6:10  Drone  
  92  6:13  Overlord  
  92  6:15  Drone  
  92  6:16  Drone x2  
  92  6:17  Drone  
  96  6:18  Drone  
  96  6:20  Drone  
  96  6:25  Overlord x2  
  98  6:26  Overlord  
  98  6:36  Drone  
  98  6:37  Drone x5  
  104  6:45  Drone x5  
  104  6:46  Drone  
  110  6:48  Hydralisk x3  
  110  6:53  Zerg Ground Armor Level 1, Zerg Missile Weapons Level 1  
  116  7:02  Muscular Augments  
  116  7:07  Hydralisk x4  
  116  7:08  Hydralisk x2  
  128  7:12  Spore Crawler  
  128  7:13  Extractor x2  
  125  7:17  Overlord x4  
  125  7:19  Hydralisk  
  127  7:49  Hatchery  
  127  7:50  Hydralisk x12  
  150  8:03  Hydralisk  
  150  8:04  Hydralisk x4  
  160  8:06  Overlord x6  
  160  8:11  Overlord  
  160  8:12  Overlord  
  160  8:24  Hydralisk  
  160  8:25  Hydralisk x9  
  180  8:35  Hydralisk x4  
  188  8:43  Hydralisk  
  188  8:46  Hydralisk x3  
  188  8:47  Hydralisk x2  
  200  9:23  Hydralisk  
  200  9:24  Hydralisk x6  
  193  9:28  Zerg Ground Armor Level 2, Zerg Missile Weapons Level 2  
  179  9:31  Drone  
  179  9:32  Hydralisk x2  
  179  9:33  Infestation Pit, Hydralisk x5  
  179  9:34  Hydralisk  
  179  9:36  Hydralisk  
  187  9:45  Hydralisk x3  
  183  9:46  Hydralisk  
  189  9:59  Drone x4  
  191  10:00  Drone  
  191  10:02  Unknown  
  191  10:09  Hydralisk  
  191  10:10  Hydralisk x3  
  191  10:13  Spore Crawler  
  198  10:18  Hive  
  196  10:25  Hydralisk x2  
  200  10:41  Hydralisk x9  
  200  10:42  Hydralisk  
  200  10:43  Hydralisk  
  200  10:44  Hydralisk  
  200  10:45  Hydralisk  
  200  10:52  Spire  
  200  10:53  Drone  
  196  11:05  Hydralisk  
  196  11:06  Hydralisk  
  200  11:21  Hydralisk x5  
  200  11:22  Hydralisk  
  200  11:23  Hydralisk x2  
  200  11:24  Hydralisk x2  
  200  11:25  Hydralisk  
  200  11:26  Hydralisk  
  200  11:27  Hydralisk  
  200  11:29  Hydralisk  
  200  11:33  Hydralisk  
  196  12:33  Hatchery  
  195  12:49  Hydralisk x2  
Show
View Real Time Build Order
Export as new Build Order

Penguin Protoss 

Build Orders: 1 Gate Expand, Oracle Opening, Phoenix Opening, Carriers 

Get SALT Encoding   

  12  0:01  Probe  
  13  0:13  Probe  
  14  0:20  Pylon  
  14  0:25  Probe  
  15  0:38  Probe (Chrono Boost)  
  15  0:39  Gateway  
  16  0:49  Probe (Chrono Boost), Assimilator  
  17  0:54  Probe (Chrono Boost)  
  18  1:05  Probe  
  19  1:17  Probe  
  20  1:27  Nexus  
  20  1:37  Cybernetics Core  
  20  1:40  Probe  
  20  1:45  Assimilator  
  21  1:52  Probe  
  22  1:55  Pylon  
  22  2:04  Probe  
  23  2:11  Adept (Chrono Boost)  
  25  2:16  Probe  
  25  2:20  Stargate  
  26  2:28  Probe  
  26  2:29  Warp Gate  
  27  2:37  Stalker  
  27  2:40  Probe (Chrono Boost)  
  27  2:41  Probe (Chrono Boost)  
  31  2:49  Probe (Chrono Boost)  
  31  2:50  Probe (Chrono Boost)  
  33  2:54  Probe x2 (Chrono Boost)  
  35  3:06  Probe  
  35  3:07  Probe  
  37  3:14  Oracle (Chrono Boost)  
  37  3:16  Pylon  
  37  3:18  Probe  
  37  3:19  Probe  
  42  3:28  Gateway  
  42  3:30  Probe  
  42  3:31  Probe  
  44  3:37  Assimilator  
  44  3:38  Assimilator  
  44  3:42  Probe  
  44  3:43  Probe  
  44  3:44  Phoenix  
  48  3:51  Gateway  
  48  3:55  Probe x2  
  50  4:07  Probe x2  
  50  4:09  Pylon  
  52  4:14  Gateway  
  52  4:19  Probe  
  52  4:20  Probe  
  54  4:32  Probe x2  
  54  4:34  Adept x2  
  60  4:51  Nexus  
  60  4:52  Pylon  
  60  4:56  Pylon  
  60  5:01  Fleet Beacon  
  60  5:02  Probe  
  60  5:03  Probe  
  60  5:05  Stargate  
  62  5:11  Adept  
  62  5:12  Adept  
  62  5:13  Adept  
  68  5:15  Probe x2  
  70  5:27  Probe x2  
  71  5:35  Stargate  
  71  5:39  Probe x2  
  73  5:45  Void Ray (Chrono Boost)  
  77  5:56  Pylon  
  77  5:59  Void Ray (Chrono Boost)  
  77  6:01  Pylon  
  81  6:11  Probe  
  81  6:12  Probe x2  
  84  6:20  Assimilator  
  84  6:22  Pylon  
  84  6:23  Probe  
  84  6:24  Probe x2  
  84  6:25  Forge, Void Ray (Chrono Boost), Assimilator  
  87  6:27  Void Ray (Chrono Boost)  
  95  6:35  Probe  
  95  6:36  Probe x2  
  98  6:40  Pylon  
  98  6:41  Void Ray  
  98  6:45  Pylon  
  102  6:48  Probe  
  102  6:50  Probe x2  
  105  7:00  Probe  
  106  7:02  Probe  
  106  7:06  Carrier (Chrono Boost)  
  113  7:08  Nexus  
  113  7:09  Pylon  
  113  7:12  Pylon  
  113  7:24  Carrier (Chrono Boost)  
  113  7:25  Carrier (Chrono Boost)  
  125  7:36  Cybernetics Core  
  125  7:45  Photon Cannon  
  125  7:47  Photon Cannon, Shield Battery  
  125  7:51  Probe  
  125  7:52  Probe  
  125  7:53  Protoss Air Weapons Level 1 (Chrono Boost)  
  125  7:56  Carrier (Chrono Boost)  
  127  8:00  Assimilator  
  133  8:05  Assimilator  
  133  8:09  Pylon  
  139  8:13  Carrier (Chrono Boost)  
  139  8:16  Carrier (Chrono Boost)  
  145  8:23  Protoss Air Armor Level 1 (Chrono Boost)  
  145  8:54  Carrier (Chrono Boost)  
  148  8:59  Stargate  
  148  9:01  Stargate  
  148  9:05  Adept  
  148  9:06  Adept x3  
  156  9:12  Pylon  
  168  9:21  Carrier x2 (Chrono Boost)  
  158  9:41  Carrier (Chrono Boost)  
  130  10:09  Carrier  
  122  10:36  Nexus  
  122  10:40  Assimilator  
  122  10:49  Nexus  
  121  11:38  Pylon  
  121  11:40  Pylon  
  121  11:42  Pylon  
  121  11:44  Pylon  
  121  11:58  Carrier (Chrono Boost)  
  133  12:03  Carrier (Chrono Boost)  
  133  12:05  Carrier (Chrono Boost)  
Tags
 
Add a new tag
Caveats
  • Supply blocks, unpowered buildings, or Contaminate may cause inaccurate times.
  • Supply counts are checked every 10 seconds.